 Dungeon Crawl Stone Soup version 0.28.0-53-g5a82cb258f (webtiles) character file.

Game seed: 9045818076208013405

3063 jjjjhere the Fighter (level 9, -3/89 HPs)
             Began as a Minotaur Enchanter on Oct 28, 2022.
             Was an Elder of Trog.
             Slain by Grum
             ... wielding a -2 halberd of venom
              (27 damage)
             ... on level 8 of the Dungeon.
             The game lasted 00:08:40 (7616 turns).

jjjjhere the Fighter (Minotaur Enchanter)           Turns: 7616, Time: 00:08:41

Health: -3/89      AC:  8    Str: 17    XL:     9   Next: 57%
Magic:  10/10      EV: 18    Int: 12    God:    Trog [****..]
Gold:   210        SH:  4    Dex: 11    Spells: 10/10 levels left

rFire   . . .      SeeInvis .   y - +1 broad axe (drain)
rCold   . . .      Faith    +   h - +0 buckler
rNeg    . . .      Spirit   .   z - +0 swamp dragon scales
rPois   +          Reflect  .   (helmet restricted)
rElec   .          Harm     .   l - +0 cloak
rCorr   .          Rampage  .   (no gloves)
Will    +....                   (no boots)
Stlth   +.........              G - amulet of faith
HPRegen 0.24/turn               t - ring of the Hare {EV+8}
MPRegen 0.12/turn               g - ring of willpower

@: lethally poisoned (-3 -> -15)
A: horns 2, retaliatory headbutt
a: Renounce Religion, Berserk, Trog's Hand, Brothers in Arms


You were on level 8 of the Dungeon.
You worshipped Trog.
Trog was greatly pleased with you.
You visited 1 branch of the dungeon, and saw 8 of its levels.
You also visited: Ossuary.

You collected 364 gold pieces.
You spent 154 gold pieces at shops.

Inventory:

Hand Weapons
 a - a +1 dagger
 i - a +2 dagger of draining
 x - a +8 dire flail of protection
 y - a +1 broad axe of draining (weapon)
Missiles
 w - 2 curare-tipped darts (quivered)
Armour
 h - a +0 buckler (worn)
 l - a +0 cloak (worn)
 z - +0 swamp dragon scales (worn)
Jewellery
 d - an amulet of guardian spirit
 e - a +6 ring of intelligence
 g - a ring of willpower (right hand)
 p - a ring of see invisible
 t - the ring of the Hare (left hand) {EV+8}
   (You found it on level 4 of the Dungeon)

   [ring of evasion]

   EV:        It affects your evasion (+8).
 G - an amulet of faith (around neck)
Wands
 D - a wand of digging (2)
Scrolls
 j - 2 scrolls of immolation
 k - a scroll of holy word
 v - a scroll of teleportation
 C - 2 scrolls of vulnerability
Potions
 c - 2 potions of invisibility
 f - 5 potions of ambrosia
 m - a potion of flight {unknown}
 n - a potion of haste
 o - a potion of berserk rage {unknown}
 q - 3 potions of lignification
 s - 6 potions of heal wounds {unknown}
 u - 5 potions of curing
 B - 2 potions of degeneration {unknown}
 E - 3 potions of attraction
 F - a potion of might {unknown}
 H - a potion of mutation {unknown}


   Skills:
 - Level 11.3 Fighting
 - Level 1.1 Short Blades
 + Level 9.5(10.1) Axes
 - Level 5.0(7.9) Maces & Flails
 - Level 2.1 Dodging
 - Level 2.4 Stealth
 + Level 2.5 Shields
 - Level 1.3 Spellcasting
 - Level 2.0 Hexes


You had 10 spell levels left.
You didn't know any spells.
Your spell library contained the following spells:

 Spells                   Type           Power      Damage    Failure   Level
 Ensorcelled Hibernation  Hex/Ice        6%         N/A       58%         2
 Confusing Touch          Hex            5%         N/A       67%         3
 Tukima's Dance           Hex            5%         N/A       67%         3
 Dazzling Flash           Conj/Hex       6%         N/A       82%         3


Dungeon Overview and Level Annotations

Branches:
Dungeon (8/15)             Temple (0/1) D:4         Ossuary (visited)
   Lair: D:8-11

Altars:
Ashenzari
Hepliaklqana
Sif Muna
Trog
Uskayaw
Vehumet
Xom

Shops:
D:5 (   D:7 *

Annotations:
D:8 Grum


Innate Abilities, Weirdness & Mutations

You have a pair of horns on your head.
You reflexively headbutt those who attack you in melee.


Message History

You closely miss the bullfrog. You slash the wolf! You drain the wolf.
You closely miss the wolf. You block the wolf's attack.
The bullfrog barely misses you. The wolf bites you but does no damage.
The wolf bites you. You block the centaur's attack.
The centaur completely misses you. The bullfrog barely misses you.
Grum barely misses you. The wolf barely misses you.
You barely miss the centaur. You headbutt the centaur!
You kill the centaur!
Trog accepts your kill.
You miss the wolf. You hit the wolf but do no damage. You slash the bullfrog!
The wolf completely misses you. You furiously retaliate!
You headbutt the wolf, but do no damage.
The bullfrog closely misses you. The wolf bites you.
The wolf completely misses you. Grum barely misses you.
The bullfrog hits you but does no damage.
Your Shields skill increases to level 2!
The wolf pauses to sniff the ground.
The bullfrog hits you.
Things that are here:
a +0 shortbow; 18 arrows You slice the bullfrog!!
You kill the bullfrog!
Trog accepts your kill.
You barely miss the water moccasin. You barely miss the wolf.
The wolf misses you.
The water moccasin bites you but does no damage.
The wolf barely misses you. You furiously retaliate!
You headbutt the wolf. The wolf bites you but does no damage.
The wolf bites you!
Grum hits you with a -2 halberd of venom!
You are poisoned.
The wolf misses you. The wolf closely misses you.
You barely miss the wolf. Your headbutt misses the wolf.
The wolf is severely wounded.
You barely miss Grum. You barely miss the water moccasin.
You hit the wolf but do no damage.
You feel very sick. The wolf misses you. The water moccasin closely misses you.
The wolf bites you but does no damage.
Grum hits you with a -2 halberd of venom!!
You die...

#........ ....
........###....
#.........#.(.#
#.............#
##..........##.##
#................
#.....<......#
#......hg..###
#....##@.....###
###....hS........
####........#......
##.##........###.##.
#............# .#
#....#.......... #
##................
#.....#...........
#..<..#...........


You could see Grum, a water moccasin and 2 wolves.

Vanquished Creatures
  Maggie (D:5)
  Sigmund (D:4)
  A wraith (Ossuary)
  Eustachio (D:6)
  A water moccasin (D:7)
  A sky beast (D:5)
  2 black bears
  A necrophage (D:7)
  3 ogres
  A wolf (D:8)
  2 centaurs
  2 phantoms
  Blork the orc (D:6)
  A bullfrog (D:8)
  3 scorpions
  A wyvern skeleton (D:7)
  3 wights (D:7)
  A bullfrog zombie (D:6)
  A centaur zombie (D:7)
  A centaur skeleton (D:7)
  A hound (D:2)
  3 gnoll shamans
  2 orc priests (D:6)
  4 iguanas
  An orc wizard (D:7)
  A killer bee zombie (D:6)
  A hound skeleton (D:5)
  A mummy (Ossuary)
  A howler monkey skeleton (D:7)
  10 gnolls (D:7)
  8 adders
  A shadow imp (D:7)
  2 ufetubi
  2 worms
  A dart slug (D:2)
  9 orcs
  7 endoplasms
  2 giant cockroaches
  4 goblins
  7 hobgoblins
  3 jackals (D:5)
  9 ball pythons
  5 bats
  2 frilled lizards (D:1)
  9 gnoll skeletons (Ossuary)
  4 kobolds
  3 kobold skeletons (Ossuary)
  13 orc skeletons (Ossuary)
  5 rats
150 creatures vanquished.

Notes
Turn   | Place    | Note
-------+----------+-------------------------------------------
     0 | D:1      | jjjjhere the Minotaur Enchanter began the quest for the
                  | Orb.
     0 | D:1      | Reached XP level 1. HP: 14/14 MP: 1/1
     8 | D:1      | Found a faded altar of an unknown god.
    28 | D:1      | Reached skill level 1 in Fighting
    34 | D:1      | Prayed at the altar of an unknown god.
    34 | D:1      | Became a worshipper of Trog the Wrathful
    34 | D:1      | Reached * piety under Trog
   144 | D:1      | Reached skill level 2 in Fighting
   144 | D:1      | Reached XP level 2. HP: 24/24 MP: 3/3
   594 | D:1      | Reached skill level 3 in Fighting
   840 | D:2      | Reached XP level 3. HP: 29/31 MP: 4/4
   847 | D:2      | HP: 7/31 [adder (4)]
  1016 | D:2      | Reached ** piety under Trog
  1021 | D:2      | Reached skill level 4 in Fighting
  1021 | D:2      | Reached XP level 4. HP: 21/41 MP: 5/5
  1632 | D:3      | Found a radiant altar of Vehumet.
  1635 | D:3      | Found a shimmering blue altar of Sif Muna.
  1645 | D:3      | Reached skill level 5 in Fighting
  2408 | D:4      | Noticed Sigmund
  2418 | D:4      | Killed Sigmund
  2419 | D:4      | Reached skill level 7 in Fighting
  2419 | D:4      | Reached XP level 5. HP: 37/52 MP: 6/6
  2419 | D:4      | Reached XP level 6. HP: 43/60 MP: 7/7
  2562 | D:4      | Reached skill level 8 in Fighting
  2584 | D:4      | Found the ring of the Hare {EV+8}
  2686 | D:4      | HP: 20/61 [ogre/+0 giant spiked club (23)]
  2962 | D:4      | Reached skill level 9 in Fighting
  2962 | D:4      | Reached XP level 7. HP: 40/70 MP: 8/8
  3172 | D:4      | Found a staircase to the Ecumenical Temple.
  3241 | D:4      | Found a broken altar of Ashenzari.
  3241 | D:4      | Found a faded altar of an unknown god.
  3254 | D:4      | Found a shimmering altar of Xom.
  3256 | D:4      | Found a hazy altar of Hepliaklqana.
  3257 | D:4      | Found a hide-covered altar of Uskayaw.
  3397 | D:5      | Entered Level 5 of the Dungeon
  3617 | D:5      | Reached skill level 10 in Fighting
  3922 | D:5      | Reached skill level 11 in Fighting
  3922 | D:5      | Reached XP level 8. HP: 32/82 MP: 9/9
  4171 | D:5      | Reached *** piety under Trog
  4398 | D:5      | Found Ukyewk's Antique Weapon Emporium.
  4405 | D:5      | Bought a glowing dire flail for 154 gold pieces
  4505 | D:6      | Reached skill level 1 in Maces & Flails
  4598 | D:6      | Noticed Blork the orc
  4599 | D:6      | Noticed Maggie
  4625 | D:5      | Killed Maggie
  4626 | D:5      | Reached skill level 5 in Maces & Flails
  4868 | D:6      | Killed Blork the orc
  4869 | D:6      | Reached skill level 1 in Axes
  5363 | D:6      | Noticed Eustachio
  5377 | D:6      | Killed Eustachio
  5378 | D:6      | Reached skill level 5 in Axes
  5866 | D:7      | Reached XP level 9. HP: 89/89 MP: 10/10
  6180 | D:7      | Found a sand-covered staircase.
  6207 | Ossuary  | Entered an ossuary
  6532 | Ossuary  | Reached **** piety under Trog
  7163 | D:7      | Found Peiqorot's Serpentskin Sales.
  7411 | D:7      | Reached skill level 1 in Shields
  7601 | D:8      | Noticed Grum
  7615 | D:8      | HP: 28/89 [Grum/-2 halberd of venom (15)]
  7616 | D:8      | Slain by Grum

Illustrated notes

Levels and vault maps discovered:
D:1:      wander_arrival_lonely_grave, layout_rooms,
          ebering_ecumenical_altar_box, serial_forest,
          infiniplex_forest_lined_room_2, infiniplex_forest_lined_room_2,
          infiniplex_forest_clump_small, infiniplex_forest_zigzag_1,
          infiniplex_forest_straight_2, infiniplex_forest_end_double,
          infiniplex_forest_clump_double
D:2:      layout_rooms
D:3:      layout_basic, grunt_temple_overflow_open, lemuel_old_faithful
D:4:      layout_cave_pools, chequers_temple_overflow_minitemple,
          minmay_temple_entry_fiery, serial_bayou_pond_d, uniq_sigmund
D:5:      layout_basic, serial_shops, shop
D:6:      layout_loops_ring, minmay_circle_x, uniq_blork_the_orc, uniq_maggie,
          uniq_eustachio
D:7:      nicolae_cairo_tiling_large, layout_basic,
          lightli_ossuary_entry_decrepit_ruins, roderic_lattice_a,
          guppyfry_shop_venom
D:8:      layout_cave_pools, lightli_temple_of_fire, minmay_misc_feat_doors,
          uniq_grum

Skill      XL: |  1  2  3  4  5  6  7  8  9 |
---------------+----------------------------+-----
Fighting       | 2 3 4 7 9 11 | 11.3
Maces & Flails | 5 |  5.0
Axes           | 6 9 |  9.5
Shields        | 2 |  2.5
Short Blades   | |  1.1
Dodging        | |  2.1
Stealth        | |  2.4
Spellcasting   | |  1.3
Hexes          | |  2.0

Action                   |  1- 3 |  4- 6 |  7- 9 || total
-------------------------+-------+-------+-------++-------
Melee: Dagger            |    69 |    90 |    66 ||   225
       Headbutt          |    11 |    15 |    42 ||    68
       Punch             |     1 |     1 |     3 ||     5
       Broad axe         |       |       |   178 ||   178
       Dire flail        |       |       |    17 ||    17
Throw: Dart              |       |       |     2 ||     2
Invok: Berserk           |       |       |     1 ||     1
  Use: Scroll            |       |       |    14 ||    14
 Stab: Sleeping          |     3 |     8 |       ||    11
       Distracted        |       |       |     2 ||     2
Armor: Robe              |    23 |    16 |    17 ||    56
       Swamp dragon scal |       |       |    57 ||    57
Dodge: Dodged            |    66 |    46 |   221 ||   333
Block: Buckler           |       |       |     9 ||     9
